 Dungeon Crawl Stone Soup version 0.24.0-2-g5b39cebb1c (webtiles) character file.

Game seed: 1765597168616608187, levelgen mode: deterministic

21 Esekla the Sneak (level 2, -2/23 HPs)
             Began as a Ghoul Enchanter on Oct 29, 2019.
             Slain by a worm (4 damage)
             ... on level 2 of the Dungeon.
             The game lasted 00:06:47 (1180 turns).

Esekla the Sneak (Ghoul Enchanter)                  Turns: 1180, Time: 00:06:47

Health: -2/23      AC:  8    Str: 11    XL:     2   Next: 87%
Magic:  4/4        EV: 10    Int: 10    God:
Gold:   132        SH:  0    Dex: 13    Spells: 4/5 levels left

rFire    . . .     SeeInvis .   a - +1 dagger
rCold    + + .     Gourm    .   (no shield)
rNeg     + + +     Faith    .   g - +2 ring mail {rC+}
rPois    ∞         Spirit   .   (no helmet)
rElec    .         Reflect  .   l - +0 cloak
rCorr    .         Harm     .   (no gloves)
MR       .....                  (no boots)
Stlth    ++........             (no amulet)
HPRegen  0.00/turn              k - +4 ring of dexterity
MPRegen  0.09/turn              (no ring)

@: rotting
A: rotting body, claws 1, carnivore, cold resistance 1, negative energy
resistance 3, inhibited regeneration, torment resistance, unbreathing
a: no special abilities


You were on level 2 of the Dungeon.
You were not hungry.

You visited 1 branch of the dungeon, and saw 2 of its levels.

You collected 132 gold pieces.

Inventory:

Hand Weapons
 a - a +1 dagger (weapon)
Armour
 b - a +0 robe
 g - a +2 ring mail of cold resistance (worn)
 l - a +0 cloak (worn)
Jewellery
 k - a +4 ring of dexterity (left claw)
Scrolls
 c - 3 scrolls of remove curse {unknown}
 e - 2 scrolls of immolation {unknown}
 h - a scroll of magic mapping {unknown}
 j - 2 scrolls of identify {unknown}
Potions
 i - 3 potions of lignification {unknown}
Comestibles
 d - a ration


   Skills:
 * Level 1.3 Fighting
 - Level 0.8 Short Blades
 * Level 0.4 Armour
 + Level 1.9 Dodging
 - Level 3.6 Stealth
 + Level 2.0 Spellcasting
 - Level 2.4 Hexes


You had 4 spell levels left.
You knew the following spells:

 Your Spells              Type           Power        Failure   Level  Hunger
a - Corona                Hex            #......      28%         1    ##.....

Your spell library contained the following spells:

 Spells                   Type           Power        Failure   Level  Hunger
 Ensorcelled Hibernation  Hex/Ice        #.....       56%         2    ###....
 Confuse                  Hex            #.......     65%         3    ####...
 Tukima's Dance           Hex            #.......     65%         3    ####...
 Dazzling Spray           Conj/Hex       #.....       80%         3    ####...


Dungeon Overview and Level Annotations

Branches:
Dungeon (2/15)

Altars:


Innate Abilities, Weirdness & Mutations

Your body is rotting away.
You thrive on raw meat.
You are immune to poison.
You have sharp fingernails.
You are carnivorous and can eat meat at any time.
Your flesh is cold resistant. (rC+)
You are immune to negative energy. (rN+++)
You do not regenerate when monsters are visible.
You are immune to unholy pain and torment.
You can survive without breathing.


Message History

The worm is moderately wounded.
The worm bites you.
You hit the worm.
The worm is heavily wounded.
You hit the worm.
The worm is severely wounded.
The worm bites you.
* * * LOW HITPOINT WARNING * * *
You hit the worm.
The worm is severely wounded.
You hit the worm.
The worm is severely wounded.
The worm bites you.
* * * LOW HITPOINT WARNING * * *
You hit the worm.
The worm is almost dead.
You completely miss the worm.
The worm is almost dead.
The worm bites you.
You die...

. .. .# ...
####### .#
....#<....# .#
#.......# .#
#.......# .#
#.......## ##.#
#........### #..#
#..........###@#
#.........)(.w.#
...........######
##.......(..#
...........#
...........#
...........#
...........#
..........##


You could see a worm.

Vanquished Creatures
  A ball python (D:1)
  5 bats (D:1)
  5 goblins
  2 hobgoblins (D:1)
  2 frilled lizards (D:1)
  4 kobolds
  2 rats
21 creatures vanquished.

Notes
Turn   | Place    | Note
-------+----------+-------------------------------------------
     0 | D:1      | Esekla the Ghoul Enchanter began the quest for the Orb.
     0 | D:1      | Reached XP level 1. HP: 14/14 MP: 2/2
   431 | D:1      | Reached skill level 1 in Fighting
   431 | D:1      | Reached XP level 2. HP: 19/23 MP: 3/3
  1180 | D:2      | Slain by a worm

Levels and vault maps discovered:
D:1:      psy_arrival_terrarium, layout_loops_corners, minmay_vboxes
D:2:      kennysheep_big_flooded_room, layout_rooms,
          gammafunk_temple_overflow_pools, first_ration

Skill      XL: |  1  2 |
---------------+-------+-----
Fighting       | 1 |  1.3
Spellcasting   | 2 |  2.0
Short Blades   | |  0.8
Armour         | |  0.4
Dodging        | |  1.9
Stealth        | |  3.6
Hexes          | |  2.4

Action                   || total
-------------------------++-------
Melee: Dagger            ||    81
 Stab: Sleeping          ||     3
  Eat: Chunk             ||     8
       Ration            ||     1
Armor: Robe              ||    13
       Ring mail         ||    16
Dodge: Dodged            ||    42
